 Dungeon Crawl Stone Soup version 0.22.1-7-g5c428e7 (webtiles) character file.

19729 havocjr2 the Nimble (level 12, -2/94 HPs)
             Began as a Gnoll Gladiator on Jan 26, 2019.
             Was a High Priest of Dithmenos.
             Shot with an arrow by a centaur warrior (18 damage)
             ... on level 13 of the Dungeon on Feb 18, 2019.
             The game lasted 02:00:33 (15077 turns).

havocjr2 the Nimble (Gnoll Gladiator)              Turns: 15077, Time: 02:00:34

Health: -2/94      AC: 15    Str: 21    XL:     12   Next: 72%
Magic:  23/23      EV: 16    Int: 16    God:    Dithmenos [*****.]
Gold:   645        SH:  0    Dex: 17    Spells: 23/25 levels left

rFire    . . .     SeeInvis +   H - +0 arbalest (flame)
rCold    + . .     Gourm    .   (shield currently unavailable)
rNeg     . . .     Faith    .   P - +3 scale mail {rC+}
rPois    +         Spirit   .   c - +2 helmet
rElec    .         Reflect  .   p - +0 cloak
rCorr    +         Harm     .   (no gloves)
MR       .....                  (no boots)
Stlth    ++++......             (no amulet)
HPRegen  0.25/turn              T - ring "Uryiquus" {rPois Str+5 SInv}
MPRegen  0.18/turn              J - ring of resist corrosion

@: about to teleport, wreathed by umbra
A: distributed training, fangs 1, strong nose
a: Shadow Step, Shadow Form, Renounce Religion


You were on level 13 of the Dungeon.
You worshipped Dithmenos.
Dithmenos was extremely pleased with you.
You were not hungry.

You visited 1 branch of the dungeon, and saw 13 of its levels.
You also visited: Sewer.

You collected 645 gold pieces.

Inventory:

Hand Weapons
 k - a +4 dagger of chaos
 B - a +2 whip of freezing
 F - a +2 glaive of venom
 H - a +0 arbalest of flaming (weapon)
 I - a +0 shortbow
 M - a +0 great sword
 N - a +6 double sword
Missiles
 g - 238 stones
 n - 99 bolts (quivered)
 r - 152 arrows
 E - 5 silver tomahawks
 O - a javelin
Armour
 c - a +2 helmet (worn)
 p - a +0 cloak (worn)
 D - a +0 buckler
 P - a +3 scale mail of cold resistance (worn)
Magical Staves
 m - an uncursed staff of fire
Jewellery
 y - an uncursed ring of fire
 J - a ring of resist corrosion (right hand)
 T - the ring "Uryiquus" (left hand) {rPois Str+5 SInv}
   (You took it off a centaur on level 13 of the Dungeon)

   [ring of poison resistance]

   It affects your strength (+5).
   It protects you from poison.
   It lets you see invisible.
Wands
 C - a wand of paralysis (11)
 G - a wand of disintegration (8)
Scrolls
 b - a scroll of blinking
 d - a scroll of summoning {unknown}
 h - 5 scrolls of remove curse
 o - 4 scrolls of teleportation
 v - 4 scrolls of magic mapping
 z - 4 scrolls of immolation
 Q - a scroll of identify
 S - a scroll of holy word
Potions
 e - 6 potions of flight
 i - 2 potions of invisibility {unknown}
 j - a potion of resistance {unknown}
 l - 2 potions of degeneration {unknown}
 q - 2 potions of agility
 s - 4 potions of curing
 u - 2 potions of lignification {unknown}
 w - 2 potions of ambrosia {unknown}
 x - 2 potions of might {unknown}
 A - 2 potions of mutation {unknown}
 K - 2 potions of haste {unknown}
 L - 2 potions of brilliance {unknown}
Comestibles
 a - 8 chunks of flesh
 f - 22 rations


   Skills:
 + Level 8.8 Fighting
 + Level 7.4 Short Blades
 + Level 9.9 Long Blades
 + Level 7.4 Axes
 + Level 7.4 Maces & Flails
 + Level 7.4 Polearms
 + Level 7.4 Staves
 + Level 7.4 Slings
 + Level 7.4 Bows
 + Level 7.4 Crossbows
 + Level 8.8 Throwing
 + Level 7.4 Armour
 + Level 9.9 Dodging
 + Level 7.4 Stealth
 + Level 7.4 Shields
 + Level 7.4 Unarmed Combat
 + Level 7.4 Spellcasting
 + Level 6.1 Conjurations
 + Level 6.1 Hexes
 + Level 6.1 Charms
 + Level 6.1 Summonings
 + Level 6.1 Necromancy
 + Level 6.1 Translocations
 + Level 6.1 Transmutations
 + Level 6.1 Fire Magic
 + Level 6.1 Ice Magic
 + Level 6.1 Air Magic
 + Level 6.1 Earth Magic
 + Level 6.1 Poison Magic
 + Level 8.1 Invocations
 + Level 7.4 Evocations


You had 23 spell levels left.
You knew the following spells:

 Your Spells              Type           Power        Failure   Level  Hunger
a - Slow                  Hex            ####....     3%          2    None

Your spell library contained the following spells:

 Spells                   Type           Power        Failure   Level  Hunger
 Corona                   Hex            ####...      2%          1    None
 Inner Flame              Hex/Fire       ####....     7%          3    ##.....
 Portal Projectile        Hex/Tloc       ####..       7%          3    ##.....
 Cause Fear               Hex            ####......   22%         4    ####...
 Leda's Liquefaction      Hex/Erth       ####......   22%         4    ####...


Dungeon Overview and Level Annotations

Branches:
Dungeon (13/15)            Temple (0/1) D:7            Lair (0/6) D:10
    Orc (0/2) D:9
 Vaults: D:13-14

Altars:
Ashenzari
Dithmenos
Hepliaklqana
Makhleb
Nemelex Xobeh
Trog
Uskayaw
Vehumet
Yredelemnul
Zin
The Shining One

Shops:
D:10 (   D:11 *

Annotations:
D:6 1 exclusion


Innate Abilities, Weirdness & Mutations

Your experience applies equally to all skills.
You have very sharp teeth.
Your uncanny sense of smell can sniff out nearby items.


Message History

* * * LOW HITPOINT WARNING * * *
The centaur warrior shoots an arrow.
The arrow hits you.
* * * LOW HITPOINT WARNING * * *
An acid dragon comes into view.
As you read the scroll of fear, it crumbles to dust.
You assume a fearsome visage.
The centaur warrior looks frightened!
The acid dragon looks frightened!
The acid dragon roars!
The orc looks frightened! x3
The centaur warrior resists with some effort.
The centaur warrior shoots an arrow.
The arrow hits you!
* * * LOW HITPOINT WARNING * * *
A phantom comes into view.
As you read the scroll of teleportation, it crumbles to dust.
You feel strangely unstable.
The centaur warrior unwields an uncursed shortbow.
The centaur warrior misses you.
The centaur warrior wields an uncursed shortbow.
The centaur warrior shoots an arrow.
The arrow hits you!!
You die...

#.. ∆ #.# .# #.########(#
##########..........######
........<((.............(.
.......).).).......(.o.W...
#####..#####...####..(.o...
#..# #.(.####(.8c8.8.
....#####....@(c...8.8..
..........((.%.)...8.8.8#
####[........(.%.....8.8..
#...#########....8.8.8.
....#########(.........
................#...
..............##.##
.............## ..#
..............# .#


You could see 2 centaur warriors, a phantom and an orc (fleeing).

Vanquished Creatures
  Josephine (D:10)
  2 hydras
  Erolcha (D:11)
  4 two-headed ogres
  An ogre mage (D:13)
  Urug (D:10)
  Pikel (D:6)
  2 manticores
  A cyclops (D:13)
  Maurice (D:11)
  A gargoyle (D:11)
  Psyche (D:11)
  A komodo dragon (D:13)
  3 trolls
  A hippogriff (D:13)
  A meliai zombie (D:13)
  3 slime creatures (D:12)
  A spriggan (D:11)
  6 wraiths
  A vampire (D:13)
  A shadow (D:11)
  2 hungry ghosts (D:9)
  2 wyverns (D:11)
  A basilisk (D:12)
  Menkaure (D:7)
  A two-headed ogre zombie (D:9)
  2 water moccasins
  3 porcupines (D:10)
  2 ice beasts
  2 orc warriors (D:13)
  2 necrophages
  3 sky beasts
  4 phantoms
  3 black bears
  5 ogres
  4 wolves (D:10)
  4 centaurs
  5 crocodiles
  3 big kobolds
  Blork the orc (D:6)
  9 bullfrogs
  7 scorpions
  4 killer bees (D:10)
  7 howler monkeys
  2 bullfrog zombies
  6 crimson imps
  4 centaur zombies
  2 hounds
  9 orc wizards
  5 orc priests
  3 bullfrog skeletons
  3 centaur skeletons
  Terence (D:3)
  2 iguanas
  6 worker ants
  7 ogre zombies (D:9)
  A hound skeleton (D:9)
  2 worker ant zombies
  3 gnolls (D:3)
  A howler monkey zombie (D:10)
  9 adders
  4 shadow imps
  A white imp (D:6)
  2 oozes
  An adder zombie (D:7)
  4 adder skeletons
  5 worms
  2 dart slugs (D:1)
  9 leopard geckos
  37 orcs
  10 giant cockroaches
  5 goblins
  8 hobgoblins
  13 jackals
  4 quokkas
  2 ball pythons
  7 bats
  5 frilled lizards
  3 goblin skeletons
  2 goblin zombies (D:9)
  3 hobgoblin skeletons (D:9)
  4 hobgoblin zombies
  A jackal skeleton (D:8)
  2 jackal zombies
  9 kobolds
  2 kobold skeletons (D:6)
  A kobold zombie (D:6)
  A leopard gecko skeleton (D:6)
  4 orc skeletons
  13 orc zombies (D:9)
  A quokka skeleton (D:5)
  9 rats
  2 plants (D:10)
354 creatures vanquished.

Vanquished Creatures (others)
  A fungus (D:10)
  12 plants
13 creatures vanquished.

Grand Total: 367 creatures vanquished

Notes
Turn   | Place    | Note
-------+----------+-------------------------------------------
     0 | D:1      | havocjr2 the Gnoll Gladiator began the quest for the Orb.
     0 | D:1      | Reached XP level 1. HP: 20/20 MP: 1/1
    31 | D:1      | Reached XP level 2. HP: 19/26 MP: 2/2
   715 | D:1      | Reached XP level 3. HP: 31/31 MP: 3/3
  1103 | D:2      | Reached skill level 1 in Invocations
  1118 | D:2      | Reached skill level 1 in Short Blades
  1118 | D:2      | Reached skill level 1 in Axes
  1118 | D:2      | Reached skill level 1 in Maces & Flails
  1118 | D:2      | Reached skill level 1 in Polearms
  1118 | D:2      | Reached skill level 1 in Staves
  1118 | D:2      | Reached skill level 1 in Slings
  1118 | D:2      | Reached skill level 1 in Bows
  1118 | D:2      | Reached skill level 1 in Crossbows
  1118 | D:2      | Reached skill level 1 in Armour
  1118 | D:2      | Reached skill level 1 in Stealth
  1118 | D:2      | Reached skill level 1 in Shields
  1118 | D:2      | Reached skill level 1 in Unarmed Combat
  1118 | D:2      | Reached skill level 1 in Spellcasting
  1118 | D:2      | Reached skill level 1 in Evocations
  1118 | D:2      | Reached XP level 4. HP: 30/38 MP: 5/5
  1279 | D:2      | Reached skill level 1 in Conjurations
  1279 | D:2      | Reached skill level 1 in Hexes
  1279 | D:2      | Reached skill level 1 in Charms
  1279 | D:2      | Reached skill level 1 in Summonings
  1279 | D:2      | Reached skill level 1 in Necromancy
  1279 | D:2      | Reached skill level 1 in Translocations
  1279 | D:2      | Reached skill level 1 in Transmutations
  1279 | D:2      | Reached skill level 1 in Fire Magic
  1279 | D:2      | Reached skill level 1 in Ice Magic
  1279 | D:2      | Reached skill level 1 in Air Magic
  1279 | D:2      | Reached skill level 1 in Earth Magic
  1279 | D:2      | Reached skill level 1 in Poison Magic
  1704 | D:3      | Reached XP level 5. HP: 38/43 MP: 5/7
  1829 | D:3      | Found a sparkling altar of Nemelex Xobeh.
  1829 | D:3      | Noticed an ogre
  1845 | D:3      | Noticed Terence
  1863 | D:3      | Killed Terence
  2022 | D:3      | Killed an ogre
  2022 | D:3      | Reached XP level 6. HP: 50/50 MP: 8/8
  2407 | D:4      | Reached skill level 5 in Fighting
  2407 | D:4      | Reached skill level 5 in Throwing
  2708 | D:4      | Noticed a phantom
  2732 | D:4      | Killed a phantom
  2732 | D:4      | Reached XP level 7. HP: 56/56 MP: 10/10
  3497 | D:4      | Found a basalt altar of Yredelemnul.
  3805 | D:5      | Entered Level 5 of the Dungeon
  4477 | D:5      | Upgraded the game from 0.22.1-6-g1668fe2 to
                  | 0.22.1-7-g5c428e7
  4517 | D:5      | Found a shadowy altar of Dithmenos.
  4533 | D:5      | Became a worshipper of Dithmenos the Shadowed
  4736 | D:5      | Found a shattered altar of Ashenzari.
  4826 | D:5      | Reached XP level 8. HP: 61/63 MP: 12/12
  5264 | D:6      | Found a shadowy altar of Dithmenos.
  5277 | D:6      | Noticed Blork the orc
  5290 | D:6      | Killed Blork the orc
  5386 | D:6      | Reached * piety under Dithmenos
  5396 | D:6      | Found a glowing golden altar of the Shining One.
  5428 | D:6      | Found a glowing drain.
  5451 | Sewer    | Entered a sewer
  5551 | Sewer    | Found a white marble altar of Elyvilon.
  5760 | D:6      | Found a shadowy altar of Dithmenos.
  5817 | D:6      | Reached ** piety under Dithmenos
  6079 | D:6      | Reached XP level 9. HP: 57/69 MP: 14/14
  6199 | D:6      | Found a glowing silver altar of Zin.
  6301 | D:6      | Noticed a two-headed ogre
  6680 | D:6      | Killed a two-headed ogre
  6974 | D:6      | Noticed Pikel
  7002 | D:6      | Killed Pikel
  7279 | D:6      | Reached skill level 5 in Invocations
  7876 | D:7      | Noticed Menkaure
  7977 | D:7      | Found a staircase to the Ecumenical Temple.
  8050 | D:7      | Reached XP level 10. HP: 39/77 MP: 17/17
  8686 | D:7      | Killed Menkaure
  8770 | D:7      | Reached *** piety under Dithmenos
  8958 | D:8      | Found a radiant altar of Vehumet.
  8958 | D:8      | Found a hazy altar of Hepliaklqana.
  9183 | D:8      | Found a hide-covered altar of Uskayaw.
  9200 | D:8      | Found a burning altar of Makhleb.
  9253 | D:8      | Found a glowing golden altar of the Shining One.
  9272 | D:8      | Found a bloodstained altar of Trog.
  9438 | D:9      | Reached skill level 5 in Short Blades
  9438 | D:9      | Reached skill level 5 in Axes
  9438 | D:9      | Reached skill level 5 in Maces & Flails
  9438 | D:9      | Reached skill level 5 in Polearms
  9438 | D:9      | Reached skill level 5 in Staves
  9438 | D:9      | Reached skill level 5 in Slings
  9438 | D:9      | Reached skill level 5 in Bows
  9438 | D:9      | Reached skill level 5 in Crossbows
  9438 | D:9      | Reached skill level 5 in Armour
  9438 | D:9      | Reached skill level 5 in Stealth
  9438 | D:9      | Reached skill level 5 in Shields
  9438 | D:9      | Reached skill level 5 in Unarmed Combat
  9438 | D:9      | Reached skill level 5 in Spellcasting
  9438 | D:9      | Reached skill level 5 in Evocations
  9753 | D:9      | Reached **** piety under Dithmenos
  9889 | D:9      | Found a staircase to the Orcish Mines.
 10595 | D:10     | Entered Level 10 of the Dungeon
 11038 | D:10     | Found a staircase to the Lair.
 11038 | D:10     | Noticed Urug
 11094 | D:10     | Reached XP level 11. HP: 37/84 MP: 19/19
 11764 | D:10     | Killed Urug
 11918 | D:10     | Found Seesofe's Weapon Shop.
 12100 | D:10     | Reached skill level 5 in Conjurations
 12100 | D:10     | Reached skill level 5 in Hexes
 12100 | D:10     | Reached skill level 5 in Charms
 12100 | D:10     | Reached skill level 5 in Summonings
 12100 | D:10     | Reached skill level 5 in Necromancy
 12100 | D:10     | Reached skill level 5 in Translocations
 12100 | D:10     | Reached skill level 5 in Transmutations
 12100 | D:10     | Reached skill level 5 in Fire Magic
 12100 | D:10     | Reached skill level 5 in Ice Magic
 12100 | D:10     | Reached skill level 5 in Air Magic
 12100 | D:10     | Reached skill level 5 in Earth Magic
 12100 | D:10     | Reached skill level 5 in Poison Magic
 12101 | D:10     | Noticed Josephine
 12120 | D:10     | Killed Josephine
 12408 | D:11     | Reached ***** piety under Dithmenos
 12437 | D:11     | Found Curet's General Store.
 12441 | D:11     | Noticed Erolcha
 12452 | D:11     | Noticed Maurice
 12468 | D:11     | Noticed Psyche
 12470 | D:11     | Killed Psyche
 12506 | D:11     | Killed Maurice
 12817 | D:11     | Killed Erolcha
 13381 | D:12     | Noticed a two-headed ogre
 13392 | D:12     | Killed a two-headed ogre
 13397 | D:12     | Reached XP level 12. HP: 93/93 MP: 20/22
 13401 | D:12     | Learned a level 2 spell: Slow
 13877 | D:12     | Noticed a six-headed hydra
 13890 | D:12     | Killed a six-headed hydra
 14548 | D:13     | Noticed a two-headed ogre
 14557 | D:13     | Killed a two-headed ogre
 14919 | D:13     | Noticed a four-headed hydra
 14925 | D:13     | Killed a four-headed hydra
 14953 | D:13     | Got a scorched tin ring
 14955 | D:13     | Identified the ring "Uryiquus" {rPois Str+5 SInv} (You took
                  | it off a centaur on level 13 of the Dungeon)
 14981 | D:13     | Noticed an ogre mage
 14989 | D:13     | Killed an ogre mage
 15053 | D:13     | Noticed a two-headed ogre
 15061 | D:13     | Killed a two-headed ogre
 15065 | D:13     | Noticed a centaur warrior
 15068 | D:13     | Noticed a centaur warrior
 15077 | D:13     | Shot with an arrow by a centaur warrior

Skill      XL: |  1  2  3  4  5  6  7  8  9 10 11 12 |
---------------+-------------------------------------+-----
Invocations    | 1 2 3 4 5 6 7 8 |  8.1
Short Blades   | 1 2 3 4 5 6 7 |  7.4
Axes           | 1 2 3 4 5 6 7 |  7.4
Maces & Flails | 1 2 3 4 5 6 7 |  7.4
Polearms       | 1 2 3 4 5 6 7 |  7.4
Staves         | 1 2 3 4 5 6 7 |  7.4
Slings         | 1 2 3 4 5 6 7 |  7.4
Bows           | 1 2 3 4 5 6 7 |  7.4
Crossbows      | 1 2 3 4 5 6 7 |  7.4
Armour         | 1 2 3 4 5 6 7 |  7.4
Stealth        | 1 2 3 4 5 6 7 |  7.4
Shields        | 1 2 3 4 5 6 7 |  7.4
Unarmed Combat | 1 2 3 4 5 6 7 |  7.4
Spellcasting   | 1 2 3 4 5 6 7 |  7.4
Evocations     | 1 2 3 4 5 6 7 |  7.4
Conjurations   | 1 2 3 4 5 6 |  6.1
Hexes          | 1 2 3 4 5 6 |  6.1
Charms         | 1 2 3 4 5 6 |  6.1
Summonings     | 1 2 3 4 5 6 |  6.1
Necromancy     | 1 2 3 4 5 6 |  6.1
Translocations | 1 2 3 4 5 6 |  6.1
Transmutations | 1 2 3 4 5 6 |  6.1
Fire Magic     | 1 2 3 4 5 6 |  6.1
Ice Magic      | 1 2 3 4 5 6 |  6.1
Air Magic      | 1 2 3 4 5 6 |  6.1
Earth Magic    | 1 2 3 4 5 6 |  6.1
Poison Magic   | 1 2 3 4 5 6 |  6.1
Fighting       | 5 6 7 8 |  8.8
Throwing       | 5 6 7 8 |  8.8
Long Blades    | 7 8 9 |  9.9
Dodging        | 7 8 9 |  9.9

Action                   |  1- 3 |  4- 6 |  7- 9 | 10-12 || total
-------------------------+-------+-------+-------+-------++-------
Melee: Long sword        |    44 |   131 |   335 |   366 ||   876
       Bite              |     3 |    13 |    61 |    79 ||   156
       Punch             |     1 |       |     6 |     5 ||    12
       Double sword      |       |       |       |   192 ||   192
 Fire: Shortbow          |       |       |    34 |       ||    34
       Arbalest          |       |       |       |    46 ||    46
Throw: Stone             |    10 |   107 |    75 |   264 ||   456
       Javelin           |       |       |       |    66 ||    66
Evoke: Wand              |       |       |     4 |     6 ||    10
  Use: Scroll            |     1 |     5 |     4 |    16 ||    26
       Potion            |       |       |       |     5 ||     5
 Stab: Sleeping          |     2 |       |     3 |    18 ||    23
       Paralysed         |       |       |     6 |       ||     6
       Distracted        |       |       |       |     2 ||     2
  Eat: Chunk             |     1 |     5 |    10 |    19 ||    35
       Ration            |       |       |     2 |     2 ||     4
Armor: Ring mail         |     7 |    32 |    63 |    56 ||   158
       Scale mail        |       |       |       |    66 ||    66
Dodge: Dodged            |    35 |    72 |   251 |   378 ||   736
Block: Buckler           |       |       |    13 |    87 ||   100
       Rpst.: Long sword |    11 |    33 |    81 |    62 ||   187
       Double sword      |       |       |       |    38 ||    38
